cohdb
Replays
Latest Replays
All Replays
Popular Replays
Top Player Replays
Match Explorer
How It Works
Community
CoH3 Stats
Reddit
Sign in to upload your games and track your stats! →
Sign in with Steam
Match 43948183
Unlisted
Match 43948183
Overview
Messages
Build Orders
End
Kradschützen Motorcycle Team
Selects Armored Support Battlegroup
Panzergrenadier Squad
Panzergrenadier Squad
Panzergrenadier Squad
Construct Light Support Kompanie
Fire Support Elements
Veteran Squad Leaders
Selects Salvage Kits
Selects Superior Fire Drills
Panzergrenadier Squad
2.5-tonne Medical Truck
MG34 Team
Selects Panzer Storm
Construct Panzerarmee Kommand
Panzer III L Medium Tank
grumbly
bigcheese
Gatom
湾仔领导
光光朱
JunXXX
0
0
Comments
sign in to comment!
No comments posted yet!